Match 43126092
Unlisted

Match 43126092
End
Vickers Machine Gun Team
Construct Section Command Post
Selects Air and Sea Battlegroup
Dingo Light Scout Car
Infantry Section
Infantry Section
Infantry Section
Selects Supply Surplus
Construct Field Infirmary
Forward Retreat Point
Construct Platoon Command Post
Selects UNKNOWN (223837)
Construct Company Command Post
Crusader II Medium Tank
Construct Resource Cache
Crusader II Medium Tank
Construct Resource Cache
Selects Naval Bombardment
Crusader II Medium Tank
Construct Resource Cache
Construct Resource Cache
Construct Resource Cache
Crusader II Medium Tank
Selects Commando Section Paradrop
Selects M1 Pack Howitzer Paradrop
Armored Vehicle Training
Crusader II Medium Tank
Royal Engineer Section
Crusader II Medium Tank
Crusader II Medium Tank
Selects Anti-tank Rocket Loiter
Anti-tank Rocket Loiter
Naval Bombardment
Mr.Larry.Mx
Goonsader
cumsader
Tharrats
JDG
Dark Angels
majintal excumuration
el campo
0
0

Comments sign in to comment!

No comments posted yet!